 Dungeon Crawl Stone Soup version 0.26.1-11-gd32895ea62 (webtiles) character file.

Game seed: 12695068763511949237

47602 buriedalive the Spry (level 14, 0/92 HPs)
             Began as a Deep Elf Ice Elementalist on June 15, 2021.
             Was an Elder of Ashenzari.
             Slain by a dire elephant (9 damage)
             ... on level 6 of the Lair of Beasts.
             The game lasted 01:24:29 (30190 turns).

buriedalive the Spry (Deep Elf Ice Elementalist)   Turns: 30190, Time: 01:24:29

Health: 0/92       AC: 27    Str:  5    XL:     14   Next: 9%
Magic:  2/25       EV: 31    Int: 28    God:    Ashenzari [****..]
Gold:   1308       SH:  0    Dex: 25    Spells: 7/25 levels left

rFire    . . .     SeeInvis +   y - +5 dagger (speed) (curse)
rCold    + . .     Faith    .   (no shield)
rNeg     . . .     Spirit   .   a - +2 robe {rF+} (curse)
rPois    +         Reflect  .   c - +2 helmet (curse)
rElec    .         Harm     .   Z - +2 cloak {Stlth+}
rCorr    .         Rampage  .   w - +2 pair of gloves {Dex+3} (curse)
Will     +....     Clarity  +   F - +1 pair of boots (curse)
Stlth    ++++......             (no amulet)
HPRegen  0.25/turn              x - ring of Ublio {Int+3 Dex+6 Stlth+} (curse)
MPRegen  0.19/turn              t - ring of ice (curse)

@: icy armour
A: talons 1, poison resistance
a: Renounce Religion, Curse Item, Scrying


You were on level 6 of the Lair of Beasts.
You worshipped Ashenzari.
Ashenzari was greatly pleased with you.
You visited 3 branches of the dungeon, and saw 18 of its levels.
You also visited: Ossuary and Gauntlet.

You collected 1308 gold pieces.

Inventory:

Hand Weapons
 y - a cursed +5 dagger of speed (weapon)
 Y - a +2 dagger of flaming
Missiles
 e - 434 stones
 m - 103 poisoned darts (quivered)
 q - 8 curare-tipped darts
 r - 4 datura-tipped darts
 W - 13 silver javelins
Armour
 a - a cursed +2 robe of fire resistance (worn)
 c - a cursed +2 helmet (worn)
 w - a cursed +2 pair of gloves of dexterity (worn)
 F - a cursed +1 pair of boots (worn)
 Z - a +2 cloak of stealth (worn)
Jewellery
 g - a +6 ring of intelligence
 i - an uncursed ring of positive energy
 j - an uncursed ring of willpower
 k - an uncursed ring of resist corrosion
 o - an uncursed ring of wizardry
 s - an uncursed ring of protection from cold
 t - a cursed ring of ice (right hand)
 x - the cursed ring of Ublio (left hand) {Int+3 Dex+6 Stlth+}
   (You found it in a Gauntlet)

   [ring of dexterity]

   It affects your intelligence (+3).
   It affects your dexterity (+6).
   It makes you more stealthy.
   It has a curse placed upon it.
 I - an uncursed ring of stealth
Wands
 b - a wand of acid (2)
 h - a wand of digging (10)
 A - a wand of disintegration (35)
 D - a wand of enslavement (18)
 E - a wand of flame (57)
 M - a wand of random effects (15)
 O - a wand of polymorph (8)
 P - a wand of paralysis (24)
Scrolls
 d - 3 scrolls of identify
 u - 5 scrolls of immolation
 v - 5 scrolls of magic mapping
 B - 5 scrolls of teleportation
 G - 2 scrolls of fear
 H - a scroll of holy word
 N - 3 scrolls of blinking
 Q - 2 scrolls of amnesia
 S - a scroll of silence
Potions
 f - 6 potions of might
 n - 3 potions of flight
 z - 3 potions of ambrosia
 C - a potion of mutation
 J - a potion of magic
 L - 3 potions of brilliance
 R - a potion of resistance
Miscellaneous
 X - a lightning rod (4/4)


   Skills:
 + Level 12.0 Fighting
 + Level 16.0(17.9) Dodging
 - Level 2.4(4.2) Stealth
 - Level 6.0 Spellcasting
 + Level 8.8(11.0) Hexes
 - Level 6.0(8.3) Summonings
 - Level 12.4(14.4) Ice Magic


You had 7 spell levels left.
You knew the following spells:

 Your Spells              Type           Power        Failure   Level
a - Freeze                Ice            100%         0%          1
b - Frozen Ramparts       Ice            100%         1%          3
c - Ozocubu's Armour      Ice            93%          1%          3
d - Summon Ice Beast      Ice/Summ       83%          1%          4
e - Confusing Touch       Hex            63%          1%          3
f - Cause Fear            Hex            31%          1%          4

Your spell library contained the following spells:

 Spells                   Type           Power        Failure   Level
 Summon Small Mammal      Summ           100%         1%          1
 Call Imp                 Summ           53%          1%          2
 Call Canine Familiar     Summ           53%          1%          3
 Summon Guardian Golem    Hex/Summ       58%          1%          3
 Hailstorm                Conj/Ice       65%          3%          4
 Sandblast                Erth           18%          5%          1
 Passwall                 Tmut/Erth      7%           9%          2
 Invisibility             Hex            63%          10%         6
 Summon Lightning Spire   Summ/Air       32%          11%         4
 Stone Arrow              Conj/Erth      18%          16%         3
 Silence                  Hex/Air        20%          17%         5
 Yara's Violent Unravell  Hex/Tmut       20%          17%         5
 Animate Dead             Necr           4%           47%         4
 Petrify                  Tmut/Erth      9%           47%         4
 Bolt of Magma            Conj/Fire/Erth 4%           83%         5
 Borgnjor's Vile Clutch   Necr/Erth      4%           83%         5
 Lee's Rapid Deconstruct  Erth           4%           83%         5
 Discord                  Hex            31%          99%         8


Dungeon Overview and Level Annotations

Branches:
Dungeon (11/15)            Temple (1/1) D:6            Lair (6/6) D:11
 Shoals (0/4) Lair:2       Spider (0/4) Lair:2        Slime (0/5) Lair:6
Ossuary (visited)         Gauntlet (visited)
    Orc: D:9-12

Altars:
Ashenzari
Cheibriados
Dithmenos
Elyvilon
Gozag
Hepliaklqana
Kikubaaqudgha
Okawaru
Uskayaw
Vehumet
Xom
Yredelemnul
Zin
The Shining One
Jiyva

Shops:
D:8 (   D:9 *   D:10 [

Annotations:
D:11 2 transporters, Beepinex's ghost, journeyman HOFi
Lair:6 1 runed translucent door


Innate Abilities, Weirdness & Mutations

You have sharp toenails.
Your system is resistant to poisons. (rPois)


Message History

The dire elephant completely misses you.
The dire elephant closely misses you.
You hit the dire elephant but do no damage.
The dire elephant is severely wounded.
The dire elephant tramples you.
* * * LOW HITPOINT WARNING * * *
You hold your ground!
The dire elephant completely misses you.
Casting: Ozocubu's Armour (safe; 1% risk of failure)
Confirm with . or Enter, or press ? or * to list all spells.
Aiming: Freeze (safe; 0% risk of failure)
Press: ? - help, Shift-Dir - straight line, f/p - dire elephant
Aim: a dire elephant (severely wounded)
You feel a surge of power!
You freeze the dire elephant.
The dire elephant is severely wounded.
The dire elephant tramples you!
* * * LOW HITPOINT WARNING * * *
You hold your ground!
The dire elephant closely misses you.
You feel better. The dire elephant tramples you!
You die...

#...{#.⌠.'...............
#....#...'.........).....
..{.##8.#...............
*#''####.#...........#...
##≈≈≈.##÷#.........##.###
#≈≈≈≈≈{#.#.........####
#≈≈≈{≈≈#.#..........#####
#..≈≈≈##Y#............PP#
##...≈#.@#.........#.PP..
##†####.##.........##PP..
#8.8#...#♣.........###...
###...#.###...........##..#
#.#..##.##...............P.
###.'..#..##.................
##..Y'..#.##♣.................
#....####.# ♣.................
##...#8...# #♣........##...##.


You could see a dire elephant.

Vanquished Creatures
  Nessos (Lair:4)
  2 dire elephants (Lair:6)
  A minotaur (Gauntlet)
  3 hydras
  An anaconda (Lair:6)
  A tengu warrior (D:7)
  2 two-headed ogres
  A cyclops (D:8)
  A moth of wrath (Gauntlet)
  16 cane toads
  6 elephants
  3 black mambas
  10 komodo dragons
  2 rime drakes
  A queen bee (Lair:4)
  2 meliai (Lair:4)
  A hornet (D:9)
  2 polar bears (Lair:3)
  A snapping turtle (Lair:2)
  A wraith (D:7)
  3 wyverns
  Eustachio (D:5)
  28 yaks
  A basilisk (Lair:4)
  Menkaure (D:4)
  A soldier ant (D:11)
  Edmund (D:4)
  5 water moccasins
  Duvessa (D:5)
  3 ice beasts
  2 orc warriors
  2 sky beasts
  A meliai simulacrum (Gauntlet)
  5 necrophages
  2 phantoms
  11 wolves
  A centaur (D:6)
  2 ogres
  An elf zombie (Ossuary)
  16 bullfrogs
  Dowan (D:5)
  A wyvern zombie (D:9)
  5 scorpions
  15 killer bees (Lair:4)
  4 wights
  A bullfrog zombie (D:8)
  A quasit (D:11)
  2 centaur zombies
  A centaur skeleton (D:9)
  A human zombie (Ossuary)
  2 jellies (D:6)
  A wyvern simulacrum (Gauntlet)
  5 hounds
  2 orc priests (D:8)
  A gnoll shaman (D:8)
  3 orc wizards
  2 iguanas
  9 hell rats
  5 worker ants
  A bullfrog simulacrum (Gauntlet)
  3 mummies
  2 hound zombies
  Robin (D:2)
  A worker ant zombie (D:11)
  11 adders
  6 gnolls
  3 white imps
  An ufetubus (D:10)
  An ooze (D:3)
  7 adder zombies
  An adder skeleton (D:8)
  A dart slug (D:1)
  7 leopard geckos
  13 orcs
  6 giant cockroaches
  11 goblins
  11 hobgoblins
  16 jackals
  4 quokkas
  9 bats
  6 frilled lizards
  2 goblin zombies (Ossuary)
  10 hobgoblin zombies (Ossuary)
  9 kobolds
  7 kobold zombies (Ossuary)
  A leopard gecko skeleton (D:7)
  A leopard gecko zombie (D:5)
  8 orc zombies (Ossuary)
  A quokka zombie (D:8)
  6 rats
  A rat zombie (Ossuary)
  A butterfly (Lair:5)
377 creatures vanquished.

Vanquished Creatures (collateral kills)
  Gastronok (D:9)
  6 hydras
  A sixfirhy (Gauntlet)
  4 oklob plants (Lair:5)
  4 elephants
  Maurice (D:10)
  3 cane toads
  A gargoyle (D:11)
  3 rime drakes
  2 polar bears
  A meliai (Lair:4)
  2 trolls
  A blink frog (Lair:2)
  9 yaks
  A basilisk (Lair:2)
  A sky beast (D:11)
  A phantom (D:9)
  2 ice beasts
  An ogre (D:11)
  5 bullfrogs
  A wyvern skeleton (D:11)
  6 killer bees (Lair:4)
  An electric eel (Lair:2)
  A quasit (D:9)
  2 orc priests (D:11)
  An orc wizard (D:11)
  A bullfrog simulacrum (Gauntlet)
  An adder (D:11)
64 creatures vanquished.

Vanquished Creatures (others)
  A bush (Lair:6)
  30 fungi
  55 plants
  5 withered plants (D:8)
91 creatures vanquished.

Grand Total: 532 creatures vanquished

Notes
Turn   | Place    | Note
-------+----------+-------------------------------------------
     0 | D:1      | buriedalive the Deep Elf Ice Elementalist began the quest
                  | for the Orb.
     0 | D:1      | Reached XP level 1. HP: 10/10 MP: 6/6
   702 | D:1      | Reached skill level 3 in Dodging
   702 | D:1      | Reached XP level 2. HP: 12/15 MP: 5/8
  1587 | D:1      | Reached XP level 3. HP: 16/19 MP: 7/9
  1857 | D:2      | Reached skill level 5 in Ice Magic
  2132 | D:2      | Reached skill level 4 in Dodging
  2404 | D:2      | Noticed Robin
  2409 | D:2      | Reached XP level 4. HP: 20/24 MP: 4/10
  2834 | D:3      | Learned a level 3 spell: Frozen Ramparts
  2838 | D:3      | Learned a level 3 spell: Ozocubu's Armour
  3363 | D:3      | Reached XP level 5. HP: 28/28 MP: 11/11
  3771 | D:2      | Killed Robin
  3772 | D:2      | Reached skill level 1 in Fighting
  4156 | D:2      | Noticed an ogre
  4326 | D:2      | Killed an ogre
  4327 | D:2      | Reached skill level 5 in Dodging
  4695 | D:2      | Reached XP level 6. HP: 30/34 MP: 12/12
  5024 | D:4      | Learned a level 4 spell: Summon Ice Beast
  5112 | D:4      | Noticed Edmund
  5176 | D:4      | Found a sand-covered staircase.
  5181 | Ossuary  | Entered an ossuary
  6098 | Ossuary  | Reached skill level 6 in Dodging
  6100 | Ossuary  | Reached XP level 7. HP: 31/40 MP: 13/13
  6436 | D:4      | Noticed Menkaure
  6450 | D:4      | Killed Menkaure
  7160 | D:4      | Killed Edmund
  7553 | D:5      | Entered Level 5 of the Dungeon
  7836 | D:5      | Found the +7 Kryia's mail coat {PotionHeal*2 rC+}
  7899 | D:5      | Noticed Duvessa
  7900 | D:5      | Noticed Dowan
  7909 | D:5      | Killed Duvessa
  7910 | D:5      | Reached skill level 7 in Dodging
  7910 | D:5      | Reached XP level 8. HP: 40/48 MP: 14/14
  7910 | D:5      | Killed Dowan
  8063 | D:5      | Found an iron altar of Okawaru.
  8071 | D:5      | Noticed Eustachio
  8085 | D:5      | Killed Eustachio
  8742 | D:6      | Found a shadowy altar of Dithmenos.
  8817 | D:6      | Reached skill level 8 in Dodging
  9760 | D:6      | Found a staircase to the Ecumenical Temple.
  9788 | Temple   | Entered the Ecumenical Temple
  9807 | Temple   | Became a worshipper of Ashenzari the Shackled
 10382 | D:7      | Reached skill level 5 in Fighting
 10539 | D:7      | Reached XP level 9. HP: 31/54 MP: 15/15
 11140 | D:7      | Found the +5 scythe "Finisher" {speed, eviscerate}
 11176 | D:7      | Reached skill level 9 in Dodging
 11558 | D:8      | Gained mutation: You have a pair of small horns on your
                  | head. [potion of mutation]
 11558 | D:8      | Gained mutation: You expend magic power (3 MP) to
                  | strengthen your wands. [potion of mutation]
 11705 | D:8      | Lost mutation: You expend magic power (3 MP) to strengthen
                  | your wands. [potion of mutation]
 11705 | D:8      | Lost mutation: You have a pair of small horns on your head.
                  | [potion of mutation]
 11705 | D:8      | Gained mutation: You have sharp toenails. [potion of
                  | mutation]
 11705 | D:8      | Gained mutation: Your system is resistant to poisons.
                  | (rPois) [potion of mutation]
 12446 | D:8      | Noticed a two-headed ogre
 12446 | D:8      | Noticed a tengu warrior
 12446 | D:8      | Noticed a cyclops
 12448 | D:8      | Noticed a troll
 12607 | D:8      | Found Asmeovodghe's Antique Weapon Shop.
 12753 | D:8      | Killed a two-headed ogre
 12754 | D:8      | Reached skill level 10 in Dodging
 12754 | D:8      | Reached skill level 10 in Ice Magic
 12945 | D:7      | Killed a tengu warrior
 12946 | D:7      | Reached XP level 10. HP: 23/60 MP: 5/16
 13314 | D:8      | Killed a cyclops
 13556 | D:8      | Identified the Papyrus of Ashen Dark Secrets
 14029 | D:9      | Reached skill level 11 in Dodging
 14134 | D:9      | Found Zifafux's Assorted Antiques.
 14134 | D:9      | Noticed a two-headed ogre
 14154 | D:9      | Killed a two-headed ogre
 14155 | D:9      | Reached skill level 5 in Summonings
 14502 | D:9      | Noticed Gastronok
 14517 | D:9      | Killed Gastronok
 14909 | D:10     | Entered Level 10 of the Dungeon
 14929 | D:10     | Noticed Maurice
 14953 | D:10     | Reached XP level 11. HP: 71/71 MP: 17/17
 15069 | D:10     | Killed Maurice
 15521 | D:10     | Reached skill level 12 in Dodging
 15958 | D:10     | Reached * piety under Ashenzari
 15995 | D:10     | Found Furyhory's Armour Boutique.
 16352 | D:11     | Reached XP level 12. HP: 72/76 MP: 16/18
 16433 | D:11     | Found a staircase to the Lair.
 16470 | D:11     | Noticed a six-headed hydra
 16481 | D:11     | Killed a six-headed hydra
 17124 | D:11     | Noticed a fire giant
 17128 | D:11     | Noticed Beepinex's ghost (journeyman HOFi)
 17168 | D:11     | Noticed a five-headed hydra
 17180 | D:11     | Killed a five-headed hydra
 17490 | D:11     | Found a transporter.
 17493 | D:11     | Found a transporter.
 18084 | Lair:1   | Entered Level 1 of the Lair of Beasts
 18624 | Lair:1   | Reached skill level 13 in Dodging
 20074 | Lair:2   | Found a hole to the Spider Nest.
 20142 | Lair:2   | Noticed an eight-headed hydra
 20149 | Lair:2   | Killed an eight-headed hydra
 20150 | Lair:2   | Reached skill level 10 in Fighting
 20786 | Lair:2   | Reached skill level 5 in Spellcasting
 21273 | Lair:2   | Reached skill level 14 in Dodging
 21389 | Lair:2   | Found a staircase to the Shoals.
 21716 | Lair:3   | Found a gate leading to a gauntlet.
 21763 | Gauntlet | Entered a Gauntlet
 21763 | Gauntlet | Found a transporter.
 21803 | Gauntlet | Found a transporter.
 21827 | Gauntlet | Found a transporter.
 21833 | Gauntlet | Found a transporter.
 21850 | Gauntlet | Found a transporter.
 21876 | Gauntlet | Found a transporter.
 21885 | Gauntlet | Found a transporter.
 21886 | Gauntlet | Noticed a death scarab
 21887 | Gauntlet | Noticed a death scarab
 21897 | Gauntlet | Found a transporter.
 21909 | Gauntlet | Found a transporter.
 21911 | Gauntlet | Identified the ring of Ublio {Int+3 Dex+6 Stlth+}
 21921 | Gauntlet | Found a transporter.
 21927 | Gauntlet | Reached ** piety under Ashenzari
 21938 | Gauntlet | Found a transporter.
 21955 | Gauntlet | Found a transporter.
 21957 | Gauntlet | Found a transporter.
 21988 | Gauntlet | Found a transporter.
 21990 | Gauntlet | Found a transporter.
 21992 | Gauntlet | Found a transporter.
 22010 | Gauntlet | Found a transporter.
 22020 | Gauntlet | Found a transporter.
 22442 | Gauntlet | Identified the +8 war axe of Instinct {vorpal, rC- Dex+5}
 22442 | Gauntlet | Noticed a minotaur
 22460 | Gauntlet | Killed a minotaur
 22461 | Gauntlet | Reached XP level 13. HP: 16/83 MP: 19/24
 22581 | Gauntlet | Identified the Disquisition on the Oath
 22629 | Lair:3   | Learned a level 3 spell: Confusing Touch
 22649 | Lair:3   | Reached skill level 1 in Hexes
 24568 | Lair:4   | Reached *** piety under Ashenzari
 25043 | Lair:4   | Identified the +4 falchion of Dust {venom, Str-2 Dex+3}
 25065 | Lair:4   | Reached skill level 15 in Dodging
 25088 | Lair:4   | Noticed Nessos
 25100 | Lair:4   | Killed Nessos
 25101 | Lair:4   | Reached skill level 5 in Hexes
 27672 | Lair:6   | Entered Level 6 of the Lair of Beasts
 28068 | Lair:6   | Found a runed translucent door.
 28714 | Lair:6   | Reached **** piety under Ashenzari
 28720 | Lair:6   | Learned a level 4 spell: Cause Fear
 29075 | Lair:6   | Found a viscous altar of Jiyva.
 29359 | Lair:6   | Found a staircase to the Slime Pits.
 29625 | Lair:6   | Reached XP level 14. HP: 72/91 MP: 15/25
 29913 | Lair:6   | Reached skill level 16 in Dodging
 30189 | Lair:6   | HP: 4/92 [dire elephant (17)]
 30190 | Lair:6   | Slain by a dire elephant

Illustrated notes

Levels and vault maps discovered:
D:1:      dpeg_arrival_rooms_a, layout_basic, minmay_misc_feat_rugged
D:2:      layout_basic, uniq_robin
D:3:      layout_loops_ring, minmay_ruptured
D:4:      layout_cave_pools, enter_ossuary_2, uniq_edmund, uniq_menkaure
D:5:      layout_rooms, okawaru_trees_1, uniq_eustachio, uniq_duvessa
D:6:      layout_loops_ring, grunt_dithmenos_shadows, minmay_temple_entry_grid
D:7:      layout_loops_ring, dk_noncrumbling_4, minmay_guarded_unrand_finisher
D:8:      minmay_blocky_corners, layout_loops_cross, serial_undead,
          serial_undead_b, serial_undead_e, serial_undead_d, serial_undead_a,
          serial_shops, nicolae_shop_waterfront
D:9:      layout_loops_ring, serial_shops, nicolae_shop_overgrown_old_shop,
          uniq_gastronok
D:10:     layout_irregular_city, serial_shops, shop, minmay_diced_spiral,
          uniq_maurice
D:11:     layout_roguey, lair_entry_dummy, gammafunk_ghost_arena, st_stairs_12,
          uniq_snorg
Temple:   grunt_wide_crystal_templ
Lair:1:   layout_roguey, st_stairs_4
Lair:2:   nzn_winding_woodlands_stair_cross [nzn_winding_woodlands_5x15_garden,
          nzn_winding_woodlands_center_pierced_h,
          nzn_winding_woodlands_5x15_jagged,
          nzn_winding_woodlands_5x5_perimeter, nzn_winding_woodlands_hourglass,
          nzn_winding_woodlands_5x15_twine,
          nzn_winding_woodlands_center_diamonds,
          nzn_winding_woodlands_5x15_sawtooth], layout_loops_ring,
          minmay_shoals_entry_hut, spider_nest_entry_web_field
Lair:3:   layout_regular_city, gauntlet_entry_generic
Lair:4:   layout_small_grid, special_room [special_room_bee],
          grunt_megastairs_4, uniq_nessos
Lair:5:   layout_misc_corridors, lemuel_fruit_fields, serial_bayou_shore_b,
          minmay_lair_oklob_chamber, infiniplex_staircase_pool,
          lemuel_fruit_fields
Lair:6:   due_jungle_book, layout_regular_city, slime_altar_2

Skill      XL: |  1  2  3  4  5  6  7  8  9 10 11 12 13 14 |
---------------+-------------------------------------------+-----
Dodging        | 3 4 5 6 7 8 10 11 12 14 15 16 | 16.0
Ice Magic      | 5 6 7 9 10 11 12 | 12.4
Fighting       | 1 2 3 5 6 9 10 11 12 | 12.0
Summonings     | 3 6 |  6.0
Spellcasting   | 6 |  6.0
Hexes          | 8 |  8.8
Stealth        | |  2.4

Action                   |  1- 3 |  4- 6 |  7- 9 | 10-12 | 13-15 || total
-------------------------+-------+-------+-------+-------+-------++-------
Melee: Short sword       |    21 |       |       |       |       ||    21
       Dagger            |    21 |   209 |   338 |   344 |   344 ||  1256
       Headbutt          |       |       |     5 |       |       ||     5
Throw: Dart              |       |       |    12 |     6 |       ||    18
 Cast: Freeze            |    38 |    37 |    45 |    63 |    80 ||   263
       Frozen Ramparts   |       |    43 |    47 |    69 |    49 ||   208
       Ozocubu's Armour  |       |    12 |    22 |    38 |    27 ||    99
       Summon Ice Beast  |       |       |    11 |    65 |    42 ||   118
       Confusing Touch   |       |       |       |       |     2 ||     2
Invok: Curse Item        |       |       |     1 |       |     6 ||     7
Evoke: Wand              |       |       |     7 |     6 |     8 ||    21
  Use: Scroll            |     1 |     7 |    15 |    12 |     6 ||    41
       Potion            |       |     3 |     6 |     9 |     8 ||    26
 Stab: Sleeping          |    11 |     2 |     6 |     3 |     1 ||    23
       Distracted        |       |       |     1 |     1 |       ||     2
Armor: Robe              |     7 |    99 |    76 |    18 |    85 ||   285
       Skin              |       |       |       |    24 |       ||    24
       Troll leather arm |       |       |       |    71 |       ||    71
Dodge: Dodged            |    38 |   252 |   216 |   493 |   481 ||  1480
